 Dungeon Crawl Stone Soup version 0.23.0 (webtiles) character file.

Game seed: 925514275802185191

11340 DevastatorOne the Brawler (level 11, -9/92 HPs)
             Began as a Ghoul Monk on Feb 9, 2019.
             Was an Elder of Ru.
             Mangled by a seven-headed hydra (15 damage)
             ... on level 10 of the Dungeon.
             The game lasted 00:26:04 (11613 turns).

DevastatorOne the Brawler (Ghoul Monk)             Turns: 11613, Time: 00:26:05

Health: -9/92      AC:  3    Str: 17    XL:     11   Next: 76%
Magic:  10/10      EV: 12    Int:  5    God:    Ru [****..]
Gold:   648        SH:  0    Dex: 13    Spells: 10/10 levels left

rFire    . . .     SeeInvis +     - Unarmed
rCold    + . .     Gourm    .   (no shield)
rNeg     + + +     Faith    .   d - +0 ring mail
rPois    ∞         Spirit   .   h - +0 hat {SInv}
rElec    .         Reflect  .   t - +0 cloak
rCorr    .         Harm     .   (no gloves)
MR       .....                  (no boots)
Stlth    +.........             k - amulet of the acrobat
HPRegen  0.00/turn              (no ring)
MPRegen  0.12/turn              (no ring)

@: rotting, studying Short Blades
A: rotting body, claws 1, carnivore, cold resistance 1, negative energy
resistance 3, inhibited regeneration, torment resistance, unbreathing, inability
to use devices, hated by all, reduced AC 1
a: Draw Out Power, Power Leap, Renounce Religion


You were on level 10 of the Dungeon.
You worshipped Ru.
Ru was greatly pleased with you.
You were not hungry.

You visited 2 branches of the dungeon, and saw 11 of its levels.
You also visited: Ossuary.

You collected 648 gold pieces.

Inventory:

Hand Weapons
 p - the +8 frozen axe "Frostbite" {freezing cloud, *Noise +Fly rC+}
   (You found it on level 4 of the Dungeon)

   It has been specially enchanted to freeze those struck by it, causing extra
   injury to most foes and up to half again as much damage against particularly
   susceptible opponents.
   It can also slow down cold-blooded creatures.
   It protects you from cold.
   It lets you fly.
   It may make noises in combat.
Armour
 d - a +0 ring mail (worn)
 h - a +0 hat of see invisible (worn)
 l - a +2 robe of the Archmagi
 s - a +0 helmet
 t - a +0 cloak (worn)
Jewellery
 a - an uncursed ring of poison resistance {unknown}
 k - an amulet of the acrobat (around neck)
 y - an uncursed ring of fire {unknown}
 A - an uncursed amulet of guardian spirit {unknown}
 D - an uncursed ring of protection from cold {unknown}
Scrolls
 c - 8 scrolls of teleportation
 g - 5 scrolls of remove curse
 j - 2 scrolls of fear
 q - 2 scrolls of immolation
 r - 3 scrolls of amnesia
 u - 2 scrolls of enchant weapon
 v - 2 scrolls of blinking
 C - 3 scrolls of identify
 F - a scroll of magic mapping {unknown}
Potions
 e - a potion of brilliance {unknown}
 f - a potion of mutation {unknown}
 i - 5 potions of lignification {unknown}
 m - 2 potions of agility
 n - 2 potions of haste {unknown}
 o - 3 potions of curing
 w - 2 potions of resistance {unknown}
 z - a potion of heal wounds {unknown}
 B - a potion of cancellation {unknown}
 E - a potion of ambrosia
Books
 x - a manual of Short Blades
Comestibles
 b - 28 rations
 G - a chunk of flesh


   Skills:
 * Level 7.3 Fighting
 + Level 7.4 Armour
 + Level 2.9 Dodging
 - Level 2.1 Stealth
 - Level 16.0 Unarmed Combat


You had 10 spell levels left.
You didn't know any spells.
Your spell library contained the following spells:

 Spells                   Type           Power        Failure   Level  Hunger
 Magic Dart               Conj           #...         65%         1    ##.....
 Searing Ray              Conj           #.....       80%         2    ###....
 Dazzling Spray           Conj/Hex       #.....       95%         3    ####...
 Force Lance              Conj/Tloc      #.......     100%        4    #####..
 Fulminant Prism          Conj/Hex       #.........   100%        4    #####..
 Iskenderun's Mystic Bla  Conj           #.......     100%        4    #####..


Dungeon Overview and Level Annotations

Branches:
Dungeon (10/15)            Temple (1/1) D:5            Lair (0/6) D:10
    Orc (0/2) D:9

Altars:
Ashenzari
Cheibriados
Dithmenos
Elyvilon
Fedhas
Gozag
Hepliaklqana
Kikubaaqudgha
Makhleb
Nemelex Xobeh
Okawaru
Qazlal
Ru
Sif Muna
Trog
Uskayaw
Vehumet
Wu Jian
Xom
Yredelemnul
Zin
The Shining One

Annotations:
D:10 4 runed translucent doors


Innate Abilities, Weirdness & Mutations

Your body is rotting away.
You thrive on raw meat.
You are immune to poison.
You have sharp fingernails.
You are carnivorous and can eat meat at any time.
Your flesh is cold resistant. (rC+)
You are immune to negative energy. (rN+++)
You do not regenerate when monsters are visible.
You are immune to unholy pain and torment.
You can survive without breathing.
You cannot study or use magical devices.
You are hated by all.
You take slightly more damage. (AC -5)


Message History

The seven-headed hydra is moderately wounded.
The seven-headed hydra bites you. The seven-headed hydra bites you!
The seven-headed hydra closely misses you.
The seven-headed hydra bites you.
You focus your will and illuminate the seven-headed hydra in retribution!
The seven-headed hydra barely misses you.
The seven-headed hydra bites you.
The seven-headed hydra barely misses you.
You mangle the seven-headed hydra!!
The seven-headed hydra is severely wounded.
The seven-headed hydra is stunned by your will and fails to attack.
You claw the seven-headed hydra!
The seven-headed hydra is severely wounded.
The seven-headed hydra barely misses you.
The seven-headed hydra bites you! x2
* * * LOW HITPOINT WARNING * * *
The seven-headed hydra bites you!
* * * LOW HITPOINT WARNING * * *
The seven-headed hydra bites you!
You die...

..[.................#
.......)))...)......#
#######)#############
#(# #.#
#######.#############
..............>.....#
...(................#
################@#..###
##.D......# #..######..#
#.##8xh8#
#############.#8....8#
..............+xr....+.
#############.+h.....+.#
######## #.#8....8#.#
........ ..##8/|8#


You could see a seven-headed hydra, an unseen horror (invisible) and a howler
monkey.

Vanquished Creatures
  Gastronok (D:8)
  A two-headed ogre (D:8)
  Psyche (D:8)
  A queen bee (D:10)
  A troll (D:10)
  2 hippogriffs
  Sigmund (D:2)
  A wraith (D:10)
  A wyvern (D:8)
  Grum (D:9)
  2 hungry ghosts
  2 water moccasins
  2 porcupines (D:10)
  7 orc warriors
  A black bear (shapeshifter) (D:9)
  4 ice beasts
  2 black bears
  A phantom (D:4)
  4 wolves
  An ogre (D:5)
  4 centaurs
  A crocodile (D:9)
  A big kobold (D:9)
  6 bullfrogs
  A gnoll sergeant (D:10)
  6 scorpions
  30 killer bees
  8 wights
  12 howler monkeys
  2 bullfrog zombies
  5 centaur zombies
  A hound (D:5)
  2 bullfrog skeletons
  4 jellies
  11 orc priests
  3 centaur skeletons
  2 iguanas
  15 orc wizards
  8 worker ants
  2 big kobold zombies (Ossuary)
  2 mummies (Ossuary)
  3 gnolls (D:10)
  8 adders
  4 shadow imps
  7 oozes
  2 adder skeletons
  3 adder zombies
  4 worms
  A dart slug (D:1)
  6 leopard geckos
  54 orcs
  5 giant cockroaches
  8 goblins
  8 hobgoblins
  3 jackals (D:5)
  10 kobolds
  6 quokkas
  3 ball pythons
  6 bats
  6 frilled lizards
  A goblin zombie (Ossuary)
  6 hobgoblin zombies (Ossuary)
  A jackal zombie (Ossuary)
  12 kobold zombies (Ossuary)
  8 orc zombies (Ossuary)
  A quokka skeleton (D:9)
  8 rats
  A rat zombie (Ossuary)
348 creatures vanquished.

Vanquished Creatures (others)
  A killer bee (D:10)
  11 fungi (D:10)
  8 plants (D:10)
20 creatures vanquished.

Grand Total: 368 creatures vanquished

Notes
Turn   | Place    | Note
-------+----------+-------------------------------------------
     0 | D:1      | DevastatorOne the Ghoul Monk began the quest for the Orb.
     0 | D:1      | Reached XP level 1. HP: 19/19 MP: 0/0
   404 | D:1      | Reached XP level 2. HP: 26/26 MP: 1/1
   417 | D:1      | Reached skill level 4 in Unarmed Combat
   647 | D:1      | Reached XP level 3. HP: 12/29 MP: 2/2
  1320 | D:2      | Found a basalt altar of Yredelemnul.
  1337 | D:2      | Noticed Sigmund
  1350 | D:2      | Killed Sigmund
  1350 | D:2      | Reached skill level 6 in Unarmed Combat
  1350 | D:2      | Reached XP level 4. HP: 34/37 MP: 3/3
  1350 | D:2      | Reached XP level 5. HP: 41/44 MP: 4/4
  1387 | D:2      | Noticed an orc warrior
  1658 | D:2      | Found a burning altar of Makhleb.
  1658 | D:2      | Found a radiant altar of Vehumet.
  1692 | D:2      | Killed an orc warrior
  1692 | D:2      | Reached skill level 7 in Unarmed Combat
  1692 | D:2      | Reached XP level 6. HP: 7/51 MP: 5/5
  1695 | D:2      | HP: 2/51 [orc (5)]
  2535 | D:3      | You fall through a shaft for 3 floors!
  2541 | D:6      | Found a sacrificial altar of Ru.
  2551 | D:6      | Became a worshipper of Ru the Awakened
  2566 | D:6      | Gained mutation: You cannot study or use magical devices.
                  | [Ru sacrifice]
  2566 | D:6      | Reached * piety under Ru
  2566 | D:6      | Reached ** piety under Ru
  2694 | D:6      | Reached skill level 8 in Unarmed Combat
  2965 | D:6      | Found an iron altar of Okawaru.
  2971 | D:6      | Reached XP level 7. HP: 53/58 MP: 6/6
  3007 | D:5      | Entered Level 5 of the Dungeon
  3130 | D:4      | Found the +8 frozen axe "Frostbite" {freezing cloud, *Noise
                  | +Fly rC+}
  3301 | D:3      | Found a stormy altar of Qazlal.
  3427 | D:3      | Found a glowing golden altar of the Shining One.
  3803 | D:4      | Reached skill level 9 in Unarmed Combat
  4107 | D:4      | Reached XP level 8. HP: 60/67 MP: 7/7
  4314 | D:4      | Gained mutation: You are hated by all. [Ru sacrifice]
  4314 | D:4      | Reached *** piety under Ru
  4525 | D:4      | Reached skill level 5 in Fighting
  4898 | D:5      | Found a staircase to the Ecumenical Temple.
  4954 | D:5      | Reached skill level 10 in Unarmed Combat
  5000 | Temple   | Entered the Ecumenical Temple
  5714 | D:6      | Reached skill level 11 in Unarmed Combat
  5719 | D:6      | Reached XP level 9. HP: 63/78 MP: 8/8
  6435 | D:7      | Found a sand-covered staircase.
  6444 | Ossuary  | Entered an ossuary
  6576 | Ossuary  | Reached skill level 1 in Armour
  7424 | D:8      | Reached skill level 12 in Unarmed Combat
  7434 | D:8      | Noticed Gastronok
  7552 | D:8      | Noticed Psyche
  7597 | D:8      | Killed Psyche
  7599 | D:8      | Noticed a two-headed ogre
  7608 | D:8      | Killed a two-headed ogre
  7608 | D:8      | Reached skill level 13 in Unarmed Combat
  7608 | D:8      | Reached XP level 10. HP: 70/86 MP: 9/9
  7948 | D:8      | You fall through a shaft for 2 floors!
  7948 | D:10     | Entered Level 10 of the Dungeon
  8586 | D:10     | Reached skill level 5 in Armour
  8601 | D:10     | Reached skill level 14 in Unarmed Combat
  8764 | D:10     | Found a staircase to the Lair.
  8951 | D:9      | Reached XP level 11. HP: 63/92 MP: 10/10
  9263 | D:8      | Found a shadowy altar of Dithmenos.
  9298 | D:8      | Found a hazy altar of Hepliaklqana.
  9466 | D:8      | Found a white marble altar of Elyvilon.
  9494 | D:8      | Reached skill level 15 in Unarmed Combat
  9668 | D:8      | Killed Gastronok
  9918 | D:9      | Found an ancient bone altar of Kikubaaqudgha.
 10421 | D:9      | Found a staircase to the Orcish Mines.
 10729 | D:10     | Noticed Grum
 10917 | D:9      | Killed Grum
 10930 | D:9      | Gained mutation: You take slightly more damage. (AC -5) [Ru
                  | sacrifice]
 10930 | D:9      | Reached **** piety under Ru
 10991 | D:10     | Noticed a seven-headed hydra
 11315 | D:10     | Reached skill level 16 in Unarmed Combat
 11513 | D:10     | Found a large runed translucent door.
 11513 | D:10     | Found a large runed translucent door.
 11516 | D:10     | Noticed an unseen horror
 11527 | D:10     | Found a large runed translucent door.
 11527 | D:10     | Found a large runed translucent door.
 11613 | D:10     | Mangled by a seven-headed hydra

Skill      XL: |  1  2  3  4  5  6  7  8  9 10 11 |
---------------+----------------------------------+-----
Unarmed Combat | 4 6 7 8 9 11 13 14 16 | 16.0
Fighting       | 4 6 7 |  7.3
Armour         | 4 6 7 |  7.4
Dodging        | |  2.9
Stealth        | |  2.1

Action                   |  1- 3 |  4- 6 |  7- 9 | 10-12 || total
-------------------------+-------+-------+-------+-------++-------
Melee: Unarmed           |    75 |   106 |   413 |   529 ||  1123
       Punch             |     3 |     3 |    14 |    21 ||    41
Invok: Sacrifice Artific |       |     1 |       |       ||     1
       Sacrifice Love    |       |       |     1 |       ||     1
       Draw Out Power    |       |       |     2 |     8 ||    10
       Reject Sacrifices |       |       |     1 |       ||     1
       Power Leap        |       |       |       |     1 ||     1
       Sacrifice Health  |       |       |       |     1 ||     1
  Use: Scroll            |       |       |    18 |       ||    18
       Potion            |       |       |       |     3 ||     3
 Stab: Sleeping          |     7 |     4 |     7 |     2 ||    20
       Invisible         |       |     1 |       |     6 ||     7
       Distracted        |       |       |     1 |       ||     1
  Eat: Chunk             |     3 |     6 |    16 |    34 ||    59
Armor: Robe              |     8 |    14 |    33 |       ||    55
       Ring mail         |       |       |    77 |   107 ||   184
Dodge: Dodged            |    43 |    71 |   206 |   330 ||   650
